AoeStats
← maltheh9797

QS Arena

503201255Analyzed
2v2 RM · 2mo ago on Aug 30, 2026· 38m 11s· 4 players
Game mode
Random Map
Map size
Medium (4 player)
Population
200
Speed
Normal
Resources
Standard
Victory
Conquest
Starting age
Dark Age
Ending age
Imperial Age
RankedLock teamsTeams togetherTeam positionsShared explorationLock speedFull tech treeHidden civsTurbo modeCheats
Victory
Defeat
🇩🇰 Saracens · Denmark
863
+17
🇪🇸 Bulgarians · Spain
836
+18
vs
🇺🇸 Byzantines · United States
895
-18
🇨🇦 Sicilians · Canada
869
-17
maltheh9797
8:12 Feudal Age
12:40 Castle Age
11:42 Double-Bit Axe
11:38 Horse Collar
15:15 Wheelbarrow
16:19 Loom
21:24 Heavy Plow
24:26 Town Watch
25:31 Hand Cart
26:09 Scale Barding Armor
28:39 Chain Barding Armor
28:30 Forging
29:10 Bow Saw
32:34 Imperial Age
32:52 Bloodlines
32:02 Light Cavalry
32:45 Husbandry
33:31 Iron Casting
34:25 Conscription
33:29 Elite Mameluke
33:57 Hussar
35:42 Blast Furnace
txarli
0:26 Loom
9:38 Feudal Age
10:59 Wheelbarrow
10:34 Double-Bit Axe
11:28 Horse Collar
12:18 Town Watch
22:15 Castle Age
21:11 Stone Mining
21:13 Gold Mining
23:28 Hand Cart
23:56 Caravan
26:03 Bow Saw
25:52 Pikeman
26:35 Squires
26:22 Arson
27:52 Forging
29:02 Husbandry
29:12 Bloodlines
31:04 Scale Barding Armor
31:35 Iron Casting
32:02 Town Patrol
35:19 Chain Barding Armor
34:50 Fletching
35:01 Scale Mail Armor
OGSassy
2:15 Loom
8:26 Feudal Age
15:37 Castle Age
16:24 Forging
19:47 Horse Collar
23:50 Gold Mining
28:35 Imperial Age
26:56 Double-Bit Axe
28:25 Scale Mail Armor
29:19 Capped Ram
31:47 Wheelbarrow
32:15 Heavy Scorpion
33:55 Hand Cart
33:26 Town Watch
34:55 Bow Saw
35:17 Pikeman
Snow
11:39 Feudal Age
9:55 Loom
12:28 Double-Bit Axe
14:52 Horse Collar
17:56 Castle Age
25:14 Pikeman
27:47 Husbandry
27:12 Light Cavalry
32:52 Imperial Age
31:01 Wheelbarrow
31:55 Scale Barding Armor
33:07 Elite Cataphract
34:32 Forging
35:38 Logistica
37:08 Iron Casting
36:53 Chain Barding Armor
Connection lost

Rejoining the realm…

Still unreachable

The connection could not be restored.

Session expired

The server has moved on; the page needs a fresh start.